 Dungeon Crawl Stone Soup version 0.30-a0-1016-gfb0d676c02 (webtiles) character file.

Game seed: 17180522578906545057

30871 Implojin the Warmonger (level 13, -18/96 HPs)
             Began as a Mummy Hexslinger on Apr 6, 2023.
             Was a High Priest of Okawaru.
             Demolished by a komodo dragon (21 damage)
             ... on level 5 of the Lair of Beasts.
             The game lasted 00:39:25 (20751 turns).

Implojin the Warmonger (Mummy Hexslinger)          Turns: 20751, Time: 00:39:26

Health: -18/96     AC: 31    Str: 30    XL:     13   Next: 22%
Magic:  22/22      EV:  8    Int: 16    God:    Okawaru [*****.]
Gold:   1269       SH:  0    Dex: 12    Spells: 12/14 levels left

rFire   x . .      SeeInvis .    G - +3 broad axe (flame)
rCold   + . .      Faith    +    (no shield)
rNeg    + + +      Spirit   .    b - +9 plate armour of the Grey Skies {Rampage Int+3}
rPois   ∞          Reflect  .    i - +2 helmet
rElec   .          Rampage  +    C - scarf {shadows}
rCorr   .                        Q - +2 pair of gloves
Will    +....                    v - +2 pair of boots {Fly} Stlth
                                 k - amulet of the acrobat
HPRegen 0.36/turn                l - +6 ring of strength
MPRegen 0.18/turn                w - ring "Aneriew" {Wiz Str+6}

@: flying
A: cold resistance 1, negative energy resistance 3, torment resistance 2, heat
vulnerability 1, in touch with death 2, no potions, faith
a: Renounce Religion, Heroism, Finesse, Duel


You were on level 5 of the Lair of Beasts.
You worshipped Okawaru.
Okawaru was extremely pleased with you.
You visited 2 branches of the dungeon, and saw 16 of its levels.
You also visited: Ice Cave.

You collected 1269 gold pieces.

Inventory:

Hand Weapons
 n - a +2 dagger of venom
 x - a +3 demon trident of pain
 G - a +3 broad axe of flaming (weapon)
Missiles
 a - 2 atropa-tipped darts
 f - 176 stones
 j - 13 boomerangs (quivered)
 B - 15 poisoned darts
 E - 3 throwing nets
 K - 12 curare-tipped darts
 O - 2 javelins
Armour
 b - the +9 plate armour of the Grey Skies (worn) {Rampage Int+3}
   (You took it off a goblin on level 1 of the Dungeon)

   Int:       It affects your intelligence (+3).
   Rampage:   It bestows one free step when moving towards enemies.
 h - the +0 ring mail "Vascho" {rN+ Will+ Dex+4}
   (You found it on level 1 of the Lair of Beasts)

   Dex:       It affects your dexterity (+4).
   rN:        It protects you from negative energy.
   Will:      It increases your willpower.
 i - a +2 helmet (worn)
 q - +0 gold dragon scales
 v - a +2 pair of boots of flying (worn)
 C - a scarf of shadows (worn)
 P - a +2 robe of willpower
 Q - a +2 pair of gloves (worn)
Magical Staves
 p - a staff of fire
Jewellery
 k - an amulet of the acrobat (around neck)
 l - a +6 ring of strength (left hand)
 t - an amulet of reflection
 w - the ring "Aneriew" (right hand) {Wiz Str+6}
   (You found it on level 2 of the Lair of Beasts)

   [ring of wizardry]

   It improves your spell success rate.
   Str:       It affects your strength (+6).
Wands
 c - a wand of acid (8)
 A - a wand of flame (11)
 F - a wand of mindburst (1)
 I - a wand of paralysis (11)
 J - a wand of digging (4)
 N - a wand of iceblast (3)
Scrolls
 d - a scroll of magic mapping
 e - 2 scrolls of immolation
 g - a scroll of poison
 m - a scroll of enchant weapon
 o - 6 scrolls of teleportation
 r - 5 scrolls of fog
 s - 2 scrolls of vulnerability
 u - a scroll of torment
 y - 2 scrolls of noise {unknown}
 z - 3 scrolls of brand weapon
 D - a scroll of silence {unknown}
 R - 3 scrolls of blinking {unknown}


   Skills:
 - Level 7.0 Fighting
 - Level 1.7 Short Blades
 * Level 9.5 Axes
 - Level 2.1 Ranged Weapons
 - Level 5.0 Throwing
 - Level 5.9 Armour
 - Level 1.5 Dodging
 - Level 7.0 Unarmed Combat
 - Level 1.3 Spellcasting
 - Level 2.6 Hexes
 - Level 12.0 Invocations
 - Level 3.0 Evocations


You had 12 spell levels left.
You knew the following spells:

 Your Spells              Type           Power      Damage    Failure   Level
a - Slow                  Hex            36%        N/A       26%         1
b - Sting                 Tmut/Pois      4%         1d3       58%         1

Your spell library contained the following spells:

 Spells                   Type           Power      Damage    Failure   Level
 Ensorcelled Hibernation  Hex/Ice        10%        N/A       52%         2
 Kiss of Death            Conj/Necr      8%         2d6       58%         1
 Shock                    Conj/Air       4%         1d3       58%         1
 Confusing Touch          Hex            9%         N/A       58%         3
 Lesser Beckoning         Tloc           2%         N/A       71%         2
 Poisonous Vapours        Pois/Air       2%         N/A       71%         2
 Inner Flame              Hex/Fire       5%         N/A       77%         3
 Portal Projectile        Hex/Tloc       10%        N/A       77%         3
 Gell's Gravitas          Tloc           1%         N/A       90%         3
 Ozocubu's Armour         Ice            1%         N/A       90%         3
 Swiftness                Air            1%         N/A       90%         3
 Teleport Other           Tloc           1%         N/A       90%         3
 Cause Fear               Hex            4%         N/A       92%         4
 Anguish                  Hex/Necr       6%         N/A       98%         4
 Airstrike                Air            0%         2d(1-17)  99%         4
 Dispel Undead            Necr           2%         3d7       99%         4
 Olgreb's Toxic Radiance  Pois           1%         N/A       99%         4
 Metabolic Englaciation   Hex/Ice        2%         N/A       100%        5
 Ozocubu's Refrigeration  Ice            0%         4d7       100%        7
 Spider Form              Tmut/Pois      Unusable   N/A       N/A         3
 Simulacrum               Ice/Necr       Unusable   N/A       N/A         6

Dungeon Overview and Level Annotations

Branches:
Dungeon (11/15)            Temple (0/1) D:6            Lair (5/5) D:11
 Shoals (0/4) Lair:2        Snake (0/4) Lair:3          Orc (0/2) D:11
  IceCv (visited)
  Slime: Lair:4-5

Altars:
Ashenzari
Gozag
Hepliaklqana
Kikubaaqudgha
Makhleb
Nemelex Xobeh
Okawaru
Ru
Trog
Uskayaw
Wu Jian
Xom
Yredelemnul


Innate Abilities, Weirdness & Mutations

You are immune to poison.
Your flesh is cold resistant. (rC+)
You are immune to negative energy. (rN+++)
You are immune to unholy pain and torment.
You are vulnerable to heat. (rF-)
You are strongly in touch with the powers of death.
You do not drink.
You have a special connection with the divine. (Faith)


Message History

You slash the elephant! You burn the elephant.
The elephant tramples you but does no damage.
The elephant barely misses you. The komodo dragon bites you!
Danger: Low HP Warning |T2| Reason: 28% HP (27/96) Unknown command.
Unknown command.
Unknown command.
You barely miss the komodo dragon.
The komodo dragon is severely wounded.
You slash the elephant! You burn the elephant.
The elephant barely misses you. x2
Danger: Low HP Warning |T2| Reason: 28% HP (27/96) Unknown command.
You slash the komodo dragon! You burn the komodo dragon.
Your punch misses the komodo dragon.
The komodo dragon is almost dead.
You slash the elephant! You burn the elephant. The komodo dragon bites you!
The elephant tramples you but does no damage.
The elephant trunk-slaps you.
Danger: Low HP Warning |T3| Reason: 19% HP (19/96) Unknown command.
You completely miss the komodo dragon.
The komodo dragon is almost dead.
You hit the elephant but do no damage. The komodo dragon closely misses you.
Danger: Low HP Warning |T3| Reason: 19% HP (19/96)
You hit the komodo dragon but do no damage.
The komodo dragon is almost dead.
You hit the elephant. You burn the elephant.
You kill the elephant!
Okawaru accepts your kill. The komodo dragon bites you!
Danger: Low HP Warning |T3| Reason: 2% HP (2/96) Unknown command.
Okay, then.
Okay, then.
As you read the scroll of fear, it crumbles to dust.
You assume a fearsome visage.
The komodo dragon resists with some effort.
You feel like a meek peon again. The komodo dragon bites you!!
You die...

.# .. ~##### .## #..
~P~.~ ..# ##..~~~~~~~~~~~
..# ######..#~#~~~# .~P#~
.#.##...#.#.~~##~~##~~#~~
.............~..~.~.~..~.
.........................
..........†..[.l.........
..........†....†@........
..........†..............
.........................
.........................
.........................
#....##..#.##.###.###..#.
.############## ### .##
.# # ##


You could see a komodo dragon.

Vanquished Creatures
  Gastronok (Lair:2)
  Harold (D:9)
  2 two-headed ogres
  2 skysharks
  Nergalle (D:10)
  A sea snake (Lair:5)
  2 bog bodies (IceCv)
  4 lindwurms (Lair:2)
  A manticore (Lair:2)
  2 elephants (Lair:5)
  A black mamba (Lair:1)
  A guardian serpent (Lair:3)
  An ice statue (IceCv)
  Psyche (D:10)
  2 cane toads
  A gargoyle (D:11)
  8 komodo dragons
  3 rime drakes
  A freezing wraith (IceCv)
  An ice devil (IceCv)
  2 trolls
  2 polar bears
  A hornet (Lair:5)
  A wind drake (Lair:2)
  The ghost of Newt the Chucker, an amateur DsGl (D:5)
  16 blink frogs
  A shadow (D:10)
  24 yaks
  2 wyverns (D:8)
  A dire elephant simulacrum (IceCv)
  3 basilisks
  The ghost of MrSquiggles the Poker, an amateur MiFi (D:4)
  2 steam dragons (Lair:5)
  7 vampire mosquitoes
  Grum (D:8)
  A two-headed ogre zombie (D:11)
  2 acid dragons
  5 water moccasins
  3 orc warriors
  An ice beast (D:4)
  2 sky beasts
  6 ogres
  9 wolves
  2 centaurs
  A phantom (D:11)
  5 kobold brigands
  9 bullfrogs
  2 two-headed ogre simulacra (IceCv)
  3 scorpions
  4 wights (D:6)
  A troll zombie (D:11)
  2 elephant simulacra (IceCv)
  7 killer bees
  An electric eel (Lair:4)
  4 howler monkeys
  3 hounds
  3 jellies
  6 orc priests
  A sleepcap (D:5)
  3 iguanas
  10 orc wizards
  4 polar bear simulacra (IceCv)
  10 spriggan simulacra (IceCv)
  5 troll simulacra (IceCv)
  4 wolf simulacra (IceCv)
  6 ogre zombies (D:11)
  Robin (D:1)
  3 gnolls (D:5)
  3 naga simulacra (IceCv)
  7 adders
  8 white imps
  6 ufetubi (IceCv)
  A worm (D:4)
  3 dart slugs
  33 orcs
  4 bats
  3 endoplasms
  3 giant cockroaches
  5 hobgoblins
  3 quokkas
  7 ball pythons
  A frilled lizard (D:1)
  9 goblins
  A goblin skeleton (D:11)
  3 goblin zombies (D:11)
  A hobgoblin skeleton (D:11)
  25 kobolds
  2 orc skeletons (D:11)
  18 orc zombies (D:11)
  A rat (D:1)
  A spectral goblin (D:8)
379 creatures vanquished.

Vanquished Creatures (others)
  23 fungi
  63 plants
86 creatures vanquished.

Grand Total: 465 creatures vanquished

Notes
Turn   | Place    | Note
-------+----------+-------------------------------------------
     0 | D:1      | Implojin the Mummy Hexslinger began the quest for the Orb.
     0 | D:1      | Reached XP level 1. HP: 15/15 MP: 2/2
   150 | D:1      | Learned a level 1 spell: Sting
   501 | D:1      | Found a faded altar of an unknown god.
   750 | D:2      | Reached XP level 2. HP: 21/21 MP: 4/4
   753 | D:2      | Noticed Robin
   754 | D:2      | Identified the +9 plate armour of the Grey Skies {Rampage
                  | Int+3}
   754 | D:2      | Danger: Robin |T2| Reason: Unique monster, careful!
   757 | D:2      | Danger: Low HP Warning |T2| Reason: 52% HP (11/21)
   758 | D:2      | Danger: Low HP Warning |T2| Reason: 52% HP (11/21)
   759 | D:2      | Danger: Low HP Warning |T2| Reason: 52% HP (11/21)
   760 | D:2      | Danger: Low HP Warning |T2| Reason: 57% HP (12/21)
   761 | D:2      | Danger: Low HP Warning |T2| Reason: 57% HP (12/21)
   762 | D:2      | Danger: Low HP Warning |T2| Reason: 57% HP (12/21)
   763 | D:2      | Danger: Low HP Warning |T2| Reason: 33% HP (7/21)
   764 | D:2      | Danger: Low HP Warning |T2| Reason: 28% HP (6/21)
   765 | D:2      | Danger: Low HP Warning |T2| Reason: 28% HP (6/21)
   766 | D:2      | Danger: Low HP Warning |T2| Reason: 28% HP (6/21)
   767 | D:2      | Danger: Low HP Warning |T2| Reason: 28% HP (6/21)
   768 | D:2      | Danger: Low HP Warning |T2| Reason: 33% HP (7/21)
   769 | D:2      | Danger: Low HP Warning |T2| Reason: 33% HP (7/21)
   770 | D:2      | Danger: Low HP Warning |T2| Reason: 33% HP (7/21)
   771 | D:2      | Danger: Low HP Warning |T2| Reason: 33% HP (7/21)
   772 | D:2      | Danger: Low HP Warning |T2| Reason: 38% HP (8/21)
   773 | D:2      | Danger: Low HP Warning |T2| Reason: 38% HP (8/21)
   774 | D:2      | Danger: Low HP Warning |T2| Reason: 38% HP (8/21)
   775 | D:2      | Danger: Low HP Warning |T2| Reason: 42% HP (9/21)
   776 | D:2      | Danger: Low HP Warning |T2| Reason: 42% HP (9/21)
   777 | D:2      | Danger: Robin |T2| Reason: Unique monster, careful!
   777 | D:2      | Danger: Low HP Warning |T2| Reason: 42% HP (9/21)
   778 | D:2      | Danger: Low HP Warning |T2| Reason: 33% HP (7/21)
   779 | D:2      | Danger: Low HP Warning |T2| Reason: 38% HP (8/21)
   780 | D:2      | Danger: Low HP Warning |T2| Reason: 38% HP (8/21)
   781 | D:2      | Danger: Low HP Warning |T2| Reason: 38% HP (8/21)
   782 | D:2      | Danger: Low HP Warning |T2| Reason: 38% HP (8/21)
   783 | D:2      | Danger: Low HP Warning |T3| Reason: 14% HP (3/21)
   863 | D:2      | Danger: Robin |T2| Reason: Unique monster, careful!
   870 | D:1      | Danger: Low HP Warning |T2| Reason: 42% HP (9/21)
   871 | D:1      | Danger: Low HP Warning |T2| Reason: 33% HP (7/21)
   872 | D:1      | Danger: Low HP Warning |T2| Reason: 33% HP (7/21)
   873 | D:1      | Danger: Low HP Warning |T3| Reason: 19% HP (4/21)
   874 | D:1      | Danger: Low HP Warning |T3| Reason: 19% HP (4/21)
   875 | D:1      | Danger: Low HP Warning |T3| Reason: 23% HP (5/21)
   876 | D:1      | Danger: Low HP Warning |T3| Reason: 23% HP (5/21)
   877 | D:1      | Danger: Low HP Warning |T3| Reason: 23% HP (5/21)
   878 | D:1      | Danger: Low HP Warning |T2| Reason: 28% HP (6/21)
   879 | D:1      | Danger: Low HP Warning |T2| Reason: 28% HP (6/21)
   880 | D:1      | Danger: Low HP Warning |T2| Reason: 28% HP (6/21)
   881 | D:1      | Danger: Low HP Warning |T2| Reason: 28% HP (6/21)
   882 | D:1      | Danger: Low HP Warning |T2| Reason: 33% HP (7/21)
   883 | D:1      | Danger: Low HP Warning |T2| Reason: 33% HP (7/21)
   884 | D:1      | Danger: Low HP Warning |T2| Reason: 33% HP (7/21)
   885 | D:1      | Danger: Low HP Warning |T2| Reason: 38% HP (8/21)
   886 | D:1      | Danger: Low HP Warning |T2| Reason: 38% HP (8/21)
   887 | D:1      | Danger: Low HP Warning |T2| Reason: 33% HP (7/21)
   888 | D:1      | Danger: Low HP Warning |T2| Reason: 33% HP (7/21)
   889 | D:1      | Danger: Low HP Warning |T2| Reason: 38% HP (8/21)
   890 | D:1      | Danger: Low HP Warning |T2| Reason: 38% HP (8/21)
   891 | D:1      | Danger: Low HP Warning |T2| Reason: 38% HP (8/21)
   892 | D:1      | Danger: Low HP Warning |T2| Reason: 42% HP (9/21)
   893 | D:1      | Danger: Low HP Warning |T2| Reason: 33% HP (7/21)
   894 | D:1      | Danger: Low HP Warning |T2| Reason: 33% HP (7/21)
   895 | D:1      | Danger: Low HP Warning |T2| Reason: 38% HP (8/21)
   967 | D:2      | Danger: Robin |T2| Reason: Unique monster, careful!
   990 | D:1      | Danger: Low HP Warning |T2| Reason: 47% HP (10/21)
   991 | D:1      | Danger: Low HP Warning |T2| Reason: 47% HP (10/21)
   992 | D:1      | Danger: Low HP Warning |T2| Reason: 52% HP (11/21)
   993 | D:1      | Danger: Low HP Warning |T2| Reason: 52% HP (11/21)
   994 | D:1      | Danger: Low HP Warning |T2| Reason: 52% HP (11/21)
   995 | D:1      | Danger: Low HP Warning |T2| Reason: 52% HP (11/21)
   996 | D:1      | Danger: Low HP Warning |T2| Reason: 57% HP (12/21)
   997 | D:1      | Danger: Low HP Warning |T2| Reason: 57% HP (12/21)
   998 | D:1      | Danger: Low HP Warning |T2| Reason: 57% HP (12/21)
   999 | D:1      | Danger: Low HP Warning |T2| Reason: 52% HP (11/21)
  1000 | D:1      | Danger: Low HP Warning |T2| Reason: 57% HP (12/21)
  1001 | D:1      | Danger: Low HP Warning |T2| Reason: 57% HP (12/21)
  1002 | D:1      | Danger: Low HP Warning |T2| Reason: 57% HP (12/21)
  1003 | D:1      | Danger: Low HP Warning |T2| Reason: 57% HP (12/21)
  1004 | D:1      | Danger: Low HP Warning |T2| Reason: 57% HP (12/21)
  1007 | D:1      | Danger: Low HP Warning |T2| Reason: 52% HP (11/21)
  1008 | D:1      | Danger: Low HP Warning |T2| Reason: 38% HP (8/21)
  1009 | D:1      | Danger: Low HP Warning |T2| Reason: 38% HP (8/21)
  1010 | D:1      | Danger: Low HP Warning |T2| Reason: 42% HP (9/21)
  1011 | D:1      | Danger: Low HP Warning |T2| Reason: 42% HP (9/21)
  1011 | D:1      | Killed Robin
  1012 | D:1      | Reached skill level 1 in Short Blades
  1071 | D:2      | Gained mutation: You are in touch with the powers of death.
                  | [Mummy growth]
  1071 | D:2      | Reached XP level 3. HP: 26/26 MP: 5/5
  1386 | D:2      | Reached skill level 1 in Unarmed Combat
  1617 | D:2      | Found a shimmering altar of Xom.
  2658 | D:4      | Danger: orc priest |T2| Reason: OOD monster, careful!
  2658 | D:4      | Danger: orc priest |T2| Reason: Smiting deals more than 50%
                  | MHP!
  2663 | D:4      | Danger: orc priest |T3| Reason: IMMINENT DEATH: Smiting
                  | deals 17 damage, you have 10 HP!!
  2663 | D:4      | Danger: Low HP Warning |T2| Reason: 38% HP (10/26)
  2774 | D:4      | Reached XP level 4. HP: 32/32 MP: 6/6
  2783 | D:4      | Danger: orc priest |T2| Reason: OOD monster, careful!
  2783 | D:4      | Danger: orc priest |T2| Reason: Smiting deals more than 50%
                  | MHP!
  2786 | D:4      | Danger: orc priest |T2| Reason: OOD monster, careful!
  2786 | D:4      | Danger: orc priest |T2| Reason: Smiting deals more than 50%
                  | MHP!
  2855 | D:4      | Found a runed translucent gate.
  2855 | D:4      | Found a runed translucent gate.
  2859 | D:4      | Noticed MrSquiggles's ghost (amateur MiFi)
  2868 | D:4      | Found a runed translucent gate.
  2930 | D:4      | Noticed an ogre
  2991 | D:4      | Reached XP level 5. HP: 23/37 MP: 7/7
  3241 | D:4      | Found an iron altar of Okawaru.
  3247 | D:4      | Became a worshipper of Warmaster Okawaru
  3638 | D:4      | Noticed an ogre
  3640 | D:4      | Danger: Low HP Warning |T2| Reason: 40% HP (15/37)
  3641 | D:4      | Danger: Low HP Warning |T2| Reason: 40% HP (15/37)
  3699 | D:5      | Entered Level 5 of the Dungeon
  3754 | D:5      | Reached XP level 6. HP: 40/43 MP: 8/8
  3791 | D:5      | Noticed Newt's ghost (amateur DsGl)
  3793 | D:5      | Found a transporter.
  3793 | D:5      | Found a transporter.
  3852 | D:5      | Danger: orc |T2| Reason: Quivering boomerangs, careful!
  3857 | D:5      | Danger: Low HP Warning |T2| Reason: 51% HP (22/43)
  3859 | D:5      | Danger: orc priest |T3| Reason: IMMINENT DEATH: Smiting
                  | deals 17 damage, you have 11 HP!!
  3859 | D:5      | Danger: Low HP Warning |T3| Reason: 25% HP (11/43)
  3860 | D:5      | Danger: orc priest |T3| Reason: IMMINENT DEATH: Smiting
                  | deals 17 damage, you have 12 HP!!
  3860 | D:5      | Danger: Low HP Warning |T2| Reason: 27% HP (12/43)
  3861 | D:5      | Danger: orc priest |T3| Reason: IMMINENT DEATH: Smiting
                  | deals 17 damage, you have 12 HP!!
  3861 | D:5      | Danger: Low HP Warning |T2| Reason: 27% HP (12/43)
  3862 | D:5      | Danger: Low HP Warning |T2| Reason: 27% HP (12/43)
  3863 | D:5      | Danger: Low HP Warning |T2| Reason: 30% HP (13/43)
  3864 | D:5      | Danger: Low HP Warning |T2| Reason: 30% HP (13/43)
  3865 | D:5      | Danger: Low HP Warning |T2| Reason: 30% HP (13/43)
  3866 | D:5      | Danger: Low HP Warning |T2| Reason: 30% HP (13/43)
  3867 | D:5      | Danger: Low HP Warning |T2| Reason: 32% HP (14/43)
  3868 | D:5      | Danger: Low HP Warning |T2| Reason: 32% HP (14/43)
  3869 | D:5      | Danger: Low HP Warning |T2| Reason: 32% HP (14/43)
  3872 | D:5      | Danger: Low HP Warning |T2| Reason: 34% HP (15/43)
  3873 | D:5      | Danger: Low HP Warning |T2| Reason: 34% HP (15/43)
  3876 | D:5      | Danger: Low HP Warning |T2| Reason: 37% HP (16/43)
  3877 | D:5      | Danger: Low HP Warning |T2| Reason: 37% HP (16/43)
  3878 | D:5      | Danger: Low HP Warning |T2| Reason: 39% HP (17/43)
  3879 | D:5      | Danger: Low HP Warning |T2| Reason: 39% HP (17/43)
  3882 | D:5      | Danger: Low HP Warning |T2| Reason: 41% HP (18/43)
  3883 | D:5      | Danger: Low HP Warning |T2| Reason: 41% HP (18/43)
  3884 | D:5      | Danger: Low HP Warning |T2| Reason: 41% HP (18/43)
  3885 | D:5      | Danger: Low HP Warning |T2| Reason: 44% HP (19/43)
  3886 | D:5      | Danger: Low HP Warning |T2| Reason: 44% HP (19/43)
  3888 | D:5      | Danger: Low HP Warning |T2| Reason: 44% HP (19/43)
  3889 | D:5      | Danger: Low HP Warning |T2| Reason: 46% HP (20/43)
  3890 | D:5      | Danger: Low HP Warning |T2| Reason: 46% HP (20/43)
  3891 | D:5      | Danger: Low HP Warning |T2| Reason: 46% HP (20/43)
  3892 | D:5      | Danger: Low HP Warning |T2| Reason: 46% HP (20/43)
  3893 | D:5      | Danger: Low HP Warning |T2| Reason: 39% HP (17/43)
  3894 | D:5      | Danger: Low HP Warning |T2| Reason: 39% HP (17/43)
  3895 | D:5      | Danger: Low HP Warning |T2| Reason: 39% HP (17/43)
  3896 | D:5      | Danger: Low HP Warning |T2| Reason: 41% HP (18/43)
  3897 | D:5      | Danger: Low HP Warning |T2| Reason: 41% HP (18/43)
  3897 | D:5      | Reached * piety under Okawaru
  3898 | D:5      | Danger: Low HP Warning |T2| Reason: 41% HP (18/43)
  3899 | D:5      | Danger: Low HP Warning |T2| Reason: 44% HP (19/43)
  3900 | D:5      | Danger: Low HP Warning |T2| Reason: 44% HP (19/43)
  3901 | D:5      | Danger: Low HP Warning |T2| Reason: 44% HP (19/43)
  3902 | D:5      | Danger: Low HP Warning |T2| Reason: 46% HP (20/43)
  3903 | D:5      | Danger: Low HP Warning |T2| Reason: 46% HP (20/43)
  3904 | D:5      | Danger: Low HP Warning |T2| Reason: 46% HP (20/43)
  3905 | D:5      | Danger: Low HP Warning |T2| Reason: 46% HP (20/43)
  3906 | D:5      | Danger: Low HP Warning |T2| Reason: 48% HP (21/43)
  3907 | D:5      | Danger: Low HP Warning |T2| Reason: 48% HP (21/43)
  3908 | D:5      | Danger: Low HP Warning |T2| Reason: 48% HP (21/43)
  3909 | D:5      | Danger: Low HP Warning |T2| Reason: 48% HP (21/43)
  3910 | D:5      | Danger: Low HP Warning |T2| Reason: 51% HP (22/43)
  3912 | D:5      | Danger: Low HP Warning |T2| Reason: 51% HP (22/43)
  3913 | D:5      | Danger: Low HP Warning |T2| Reason: 51% HP (22/43)
  3914 | D:5      | Danger: Low HP Warning |T2| Reason: 53% HP (23/43)
  3915 | D:5      | Danger: Low HP Warning |T2| Reason: 53% HP (23/43)
  3916 | D:5      | Danger: Low HP Warning |T2| Reason: 53% HP (23/43)
  3917 | D:5      | Danger: Low HP Warning |T2| Reason: 55% HP (24/43)
  3918 | D:5      | Danger: Low HP Warning |T2| Reason: 55% HP (24/43)
  4078 | D:5      | Found a sparkling altar of Nemelex Xobeh.
  4202 | D:5      | Danger: Low HP Warning |T2| Reason: 58% HP (25/43)
  4203 | D:5      | Danger: Low HP Warning |T2| Reason: 58% HP (25/43)
  4204 | D:5      | Danger: orc wizard |T3| Reason: IMMINENT DEATH: Throw Flame
                  | deals 15 damage, you have 13 HP!!
  4204 | D:5      | Danger: orc priest |T3| Reason: IMMINENT DEATH: Smiting
                  | deals 17 damage, you have 13 HP!!
  4204 | D:5      | Danger: Low HP Warning |T2| Reason: 30% HP (13/43)
  4205 | D:5      | Danger: orc wizard |T3| Reason: IMMINENT DEATH: Magic Dart
                  | deals 12 damage, you have 7 HP!!
  4205 | D:5      | Danger: orc wizard |T3| Reason: IMMINENT DEATH: Throw Flame
                  | deals 15 damage, you have 7 HP!!
  4205 | D:5      | Danger: orc priest |T3| Reason: IMMINENT DEATH: Smiting
                  | deals 17 damage, you have 7 HP!!
  4205 | D:5      | Danger: Low HP Warning |T3| Reason: 16% HP (7/43)
  4206 | D:5      | Danger: orc priest |T3| Reason: IMMINENT DEATH: Smiting
                  | deals 17 damage, you have 7 HP!!
  4206 | D:5      | Danger: Low HP Warning |T3| Reason: 16% HP (7/43)
  4207 | D:5      | Reached skill level 5 in Unarmed Combat
  4207 | D:5      | Danger: Low HP Warning |T3| Reason: 16% HP (7/43)
  4208 | D:5      | Danger: Low HP Warning |T3| Reason: 16% HP (7/43)
  4209 | D:5      | Danger: Low HP Warning |T3| Reason: 18% HP (8/43)
  4210 | D:5      | Danger: Low HP Warning |T3| Reason: 18% HP (8/43)
  4211 | D:5      | Danger: Low HP Warning |T3| Reason: 18% HP (8/43)
  4212 | D:5      | Danger: Low HP Warning |T3| Reason: 18% HP (8/43)
  4365 | D:5      | Noticed a steam dragon
  4366 | D:5      | Danger: steam dragon |T2| Reason: Steam Ball deals more
                  | than 50% MHP!
  4710 | D:5      | Reached skill level 1 in Invocations
  4796 | D:5      | Found a burning altar of Makhleb.
  4825 | D:5      | Reached XP level 7. HP: 50/50 MP: 9/9
  4954 | D:6      | Reached skill level 2 in Invocations
  5079 | D:6      | Danger: orc |T2| Reason: Quivering boomerangs, careful!
  5083 | D:6      | Danger: orc |T2| Reason: Quivering boomerangs, careful!
  5099 | D:6      | Reached ** piety under Okawaru
  5114 | D:6      | Danger: Low HP Warning |T2| Reason: 52% HP (26/50)
  5115 | D:6      | Danger: Low HP Warning |T2| Reason: 44% HP (22/50)
  5116 | D:6      | Danger: Low HP Warning |T2| Reason: 44% HP (22/50)
  5117 | D:6      | Danger: Low HP Warning |T2| Reason: 44% HP (22/50)
  5118 | D:6      | Danger: Low HP Warning |T2| Reason: 46% HP (23/50)
  5119 | D:6      | Danger: Low HP Warning |T2| Reason: 46% HP (23/50)
  5131 | D:6      | Danger: Low HP Warning |T2| Reason: 52% HP (26/50)
  5132 | D:6      | Danger: Low HP Warning |T2| Reason: 54% HP (27/50)
  5133 | D:6      | Danger: Low HP Warning |T2| Reason: 54% HP (27/50)
  5134 | D:6      | Danger: Low HP Warning |T2| Reason: 54% HP (27/50)
  5153 | D:6      | Danger: Low HP Warning |T2| Reason: 44% HP (22/50)
  5161 | D:6      | Danger: Low HP Warning |T2| Reason: 50% HP (25/50)
  5162 | D:6      | Danger: Low HP Warning |T2| Reason: 50% HP (25/50)
  5163 | D:6      | Danger: Low HP Warning |T2| Reason: 50% HP (25/50)
  5164 | D:6      | Danger: Low HP Warning |T2| Reason: 50% HP (25/50)
  5165 | D:6      | Danger: Low HP Warning |T2| Reason: 52% HP (26/50)
  5206 | D:6      | Reached XP level 8. HP: 42/56 MP: 8/10
  5271 | D:6      | Found a hide-covered altar of Uskayaw.
  5377 | D:6      | Reached skill level 1 in Throwing
  5513 | D:6      | Found a staircase to the Ecumenical Temple.
  5708 | D:6      | Found a bloodstained altar of Trog.
  5711 | D:6      | Found a basalt altar of Yredelemnul.
  6304 | D:4      | Found an iron altar of Okawaru.
  6617 | D:4      | Found a runed translucent gate.
  6618 | D:4      | Found a runed translucent gate.
  6619 | D:4      | Found a runed translucent gate.
  6964 | D:4      | Danger: Low HP Warning |T2| Reason: 57% HP (32/56)
  6965 | D:4      | Danger: Low HP Warning |T2| Reason: 57% HP (32/56)
  6966 | D:4      | Danger: Low HP Warning |T2| Reason: 58% HP (33/56)
  6967 | D:4      | Danger: Low HP Warning |T2| Reason: 58% HP (33/56)
  6968 | D:4      | Danger: Low HP Warning |T2| Reason: 51% HP (29/56)
  6969 | D:4      | Danger: Low HP Warning |T2| Reason: 51% HP (29/56)
  6969 | D:4      | Killed MrSquiggles's ghost
  7184 | D:7      | Reached skill level 5 in Throwing
  7187 | D:7      | Reached skill level 1 in Armour
  7328 | D:7      | Found a broken altar of Ashenzari.
  7331 | D:7      | Saw a vision of the Shoals and the Snake Pit.
  7331 | D:7      | Noticed a wind drake
  7331 | D:7      | Noticed a snapping turtle
  7331 | D:7      | Noticed a merfolk
  7331 | D:7      | Noticed a naga warrior
  7331 | D:7      | Noticed a naga warrior
  7331 | D:7      | Noticed a naga mage
  7331 | D:7      | Noticed a black mamba
  7331 | D:7      | Noticed a sea snake
  7332 | D:7      | Noticed a harpy
  7332 | D:7      | Noticed a black mamba
  7332 | D:7      | Noticed a mana viper
  7333 | D:7      | Noticed a naga ritualist
  7565 | D:7      | Found an ornate altar of the Wu Jian Council.
  7641 | D:7      | Reached XP level 9. HP: 44/61 MP: 11/11
  7933 | D:7      | Found an ancient bone altar of Kikubaaqudgha.
  7968 | D:8      | Noticed Grum
  7969 | D:8      | Danger: Grum |T2| Reason: Unique monster, careful!
  7975 | D:8      | Danger: Grum |T2| Reason: Unique monster, careful!
  8009 | D:8      | Danger: Grum |T2| Reason: Unique monster, careful!
  8009 | D:8      | Danger: Low HP Warning |T2| Reason: 50% HP (31/61)
  8010 | D:8      | Danger: Low HP Warning |T2| Reason: 50% HP (31/61)
  8011 | D:8      | Danger: Low HP Warning |T2| Reason: 32% HP (20/61)
  8148 | D:8      | Danger: Grum |T2| Reason: Unique monster, careful!
  8152 | D:8      | Danger: Low HP Warning |T2| Reason: 29% HP (18/61)
  8152 | D:8      | HP: 3/61 [Grum/-2 glaive of flaming (4)]
  8153 | D:8      | Danger: Low HP Warning |T3| Reason: 4% HP (3/61)
  8154 | D:8      | Danger: Low HP Warning |T3| Reason: 4% HP (3/61)
  8155 | D:8      | Danger: Low HP Warning |T3| Reason: 6% HP (4/61)
  8156 | D:8      | Danger: Low HP Warning |T3| Reason: 6% HP (4/61)
  8157 | D:8      | Danger: Low HP Warning |T3| Reason: 6% HP (4/61)
  8158 | D:8      | Danger: Low HP Warning |T3| Reason: 8% HP (5/61)
  8158 | D:8      | Killed Grum
  8740 | D:8      | Reached skill level 5 in Armour
  9020 | D:8      | Found a hazy altar of Hepliaklqana.
  9077 | D:9      | Noticed Harold
  9078 | D:9      | Danger: Harold |T3| Reason: Quivering throwing nets, watch
                  | out!
  9078 | D:9      | Danger: Harold |T2| Reason: Unique monster, careful!
  9084 | D:8      | Reached skill level 3 in Invocations
  9224 | D:8      | Danger: Low HP Warning |T2| Reason: 59% HP (36/61)
  9225 | D:8      | Reached *** piety under Okawaru
  9226 | D:8      | Danger: Low HP Warning |T2| Reason: 60% HP (37/61)
  9228 | D:8      | Danger: Low HP Warning |T2| Reason: 50% HP (31/61)
  9229 | D:8      | Danger: Low HP Warning |T2| Reason: 39% HP (24/61)
  9230 | D:8      | Reached skill level 4 in Invocations
  9230 | D:8      | Danger: Low HP Warning |T2| Reason: 32% HP (20/61)
  9231 | D:8      | Danger: Low HP Warning |T2| Reason: 32% HP (20/61)
  9232 | D:8      | Danger: Low HP Warning |T2| Reason: 32% HP (20/61)
  9233 | D:8      | Danger: Low HP Warning |T2| Reason: 34% HP (21/61)
  9494 | D:9      | Reached skill level 5 in Invocations
  9496 | D:9      | Danger: Low HP Warning |T2| Reason: 55% HP (34/61)
  9497 | D:9      | Danger: Low HP Warning |T2| Reason: 55% HP (34/61)
  9498 | D:9      | Danger: Low HP Warning |T2| Reason: 55% HP (34/61)
  9501 | D:9      | Danger: Low HP Warning |T2| Reason: 57% HP (35/61)
  9502 | D:9      | Danger: Low HP Warning |T2| Reason: 57% HP (35/61)
  9503 | D:9      | Danger: Low HP Warning |T2| Reason: 57% HP (35/61)
  9504 | D:9      | Danger: Low HP Warning |T2| Reason: 57% HP (35/61)
  9505 | D:9      | Danger: Low HP Warning |T2| Reason: 59% HP (36/61)
  9506 | D:9      | Danger: Low HP Warning |T2| Reason: 59% HP (36/61)
  9507 | D:9      | Danger: Low HP Warning |T2| Reason: 59% HP (36/61)
  9508 | D:9      | Danger: Low HP Warning |T2| Reason: 59% HP (36/61)
  9509 | D:9      | Danger: Low HP Warning |T2| Reason: 60% HP (37/61)
  9510 | D:9      | Danger: Low HP Warning |T2| Reason: 60% HP (37/61)
  9511 | D:9      | Danger: Low HP Warning |T2| Reason: 60% HP (37/61)
  9516 | D:9      | Danger: Harold |T3| Reason: Quivering throwing nets, watch
                  | out!
  9516 | D:9      | Danger: Harold |T2| Reason: Unique monster, careful!
  9517 | D:9      | Danger: Harold |T3| Reason: Quivering throwing nets, watch
                  | out!
  9518 | D:9      | Danger: Harold |T3| Reason: Quivering throwing nets, watch
                  | out!
  9519 | D:9      | Danger: Harold |T3| Reason: Quivering throwing nets, watch
                  | out!
  9520 | D:9      | Danger: Harold |T3| Reason: Quivering throwing nets, watch
                  | out!
  9523 | D:9      | Danger: Low HP Warning |T2| Reason: 60% HP (37/61)
  9524 | D:9      | Danger: Harold |T3| Reason: Quivering throwing nets, watch
                  | out!
  9524 | D:9      | Danger: Harold |T2| Reason: Unique monster, careful!
  9524 | D:9      | Danger: Low HP Warning |T2| Reason: 59% HP (36/61)
  9526 | D:9      | Danger: Low HP Warning |T2| Reason: 60% HP (37/61)
  9527 | D:9      | Danger: Low HP Warning |T2| Reason: 60% HP (37/61)
  9528 | D:9      | Danger: Low HP Warning |T2| Reason: 60% HP (37/61)
  9529 | D:9      | Danger: Low HP Warning |T2| Reason: 55% HP (34/61)
  9530 | D:9      | Danger: Harold |T3| Reason: Quivering throwing nets, watch
                  | out!
  9530 | D:9      | Danger: Harold |T2| Reason: Unique monster, careful!
  9530 | D:9      | Danger: Low HP Warning |T2| Reason: 55% HP (34/61)
  9531 | D:9      | Danger: Low HP Warning |T2| Reason: 55% HP (34/61)
  9532 | D:9      | Danger: Low HP Warning |T2| Reason: 50% HP (31/61)
  9533 | D:9      | Danger: Low HP Warning |T2| Reason: 50% HP (31/61)
  9534 | D:9      | Danger: Low HP Warning |T2| Reason: 50% HP (31/61)
  9535 | D:9      | Danger: Low HP Warning |T2| Reason: 49% HP (30/61)
  9536 | D:9      | Danger: Harold |T3| Reason: Quivering throwing nets, watch
                  | out!
  9536 | D:9      | Danger: Harold |T2| Reason: Unique monster, careful!
  9536 | D:9      | Danger: Low HP Warning |T2| Reason: 50% HP (31/61)
  9538 | D:9      | Danger: Harold |T3| Reason: Quivering throwing nets, watch
                  | out!
  9538 | D:9      | Danger: Low HP Warning |T2| Reason: 47% HP (29/61)
  9539 | D:9      | Danger: Harold |T3| Reason: Quivering throwing nets, watch
                  | out!
  9539 | D:9      | Danger: Low HP Warning |T2| Reason: 49% HP (30/61)
  9540 | D:9      | Danger: Harold |T3| Reason: Quivering throwing nets, watch
                  | out!
  9540 | D:9      | Danger: Low HP Warning |T2| Reason: 49% HP (30/61)
  9541 | D:9      | Danger: Harold |T3| Reason: Quivering throwing nets, watch
                  | out!
  9541 | D:9      | Danger: Low HP Warning |T2| Reason: 49% HP (30/61)
  9542 | D:9      | Danger: Harold |T3| Reason: Quivering throwing nets, watch
                  | out!
  9542 | D:9      | Danger: Low HP Warning |T2| Reason: 49% HP (30/61)
  9543 | D:9      | Danger: Harold |T3| Reason: Quivering throwing nets, watch
                  | out!
  9543 | D:9      | Danger: Low HP Warning |T2| Reason: 50% HP (31/61)
  9544 | D:9      | Danger: Low HP Warning |T2| Reason: 50% HP (31/61)
  9545 | D:9      | Danger: Low HP Warning |T2| Reason: 42% HP (26/61)
  9546 | D:9      | Danger: Low HP Warning |T2| Reason: 40% HP (25/61)
  9548 | D:8      | Danger: Low HP Warning |T2| Reason: 36% HP (22/61)
  9549 | D:8      | Danger: Low HP Warning |T2| Reason: 37% HP (23/61)
  9680 | D:9      | Danger: Harold |T3| Reason: Quivering throwing nets, watch
                  | out!
  9680 | D:9      | Danger: Harold |T2| Reason: Unique monster, careful!
  9681 | D:9      | Danger: Harold |T3| Reason: Quivering throwing nets, watch
                  | out!
  9682 | D:9      | Danger: Harold |T3| Reason: Quivering throwing nets, watch
                  | out!
  9683 | D:9      | Danger: Harold |T3| Reason: Quivering throwing nets, watch
                  | out!
  9684 | D:9      | Danger: Harold |T3| Reason: Quivering throwing nets, watch
                  | out!
  9685 | D:9      | Danger: Harold |T3| Reason: Quivering throwing nets, watch
                  | out!
  9686 | D:9      | Danger: Harold |T3| Reason: Quivering throwing nets, watch
                  | out!
  9687 | D:9      | Danger: Harold |T3| Reason: Quivering throwing nets, watch
                  | out!
  9688 | D:9      | Danger: Harold |T3| Reason: Quivering throwing nets, watch
                  | out!
  9689 | D:9      | Danger: Harold |T3| Reason: Quivering throwing nets, watch
                  | out!
  9690 | D:9      | Danger: Harold |T3| Reason: Quivering throwing nets, watch
                  | out!
  9691 | D:9      | Danger: Harold |T3| Reason: Quivering throwing nets, watch
                  | out!
  9692 | D:9      | Danger: acid dragon |T2| Reason: Spit Acid deals more than
                  | 50% MHP!
  9692 | D:9      | Danger: Harold |T3| Reason: Quivering throwing nets, watch
                  | out!
  9693 | D:9      | Danger: Harold |T3| Reason: Quivering throwing nets, watch
                  | out!
  9694 | D:9      | Danger: Harold |T3| Reason: Quivering throwing nets, watch
                  | out!
  9695 | D:9      | Danger: Harold |T3| Reason: Quivering throwing nets, watch
                  | out!
  9695 | D:9      | Killed Harold
  9696 | D:9      | Reached skill level 6 in Invocations
  9696 | D:9      | Reached XP level 10. HP: 52/67 MP: 14/14
  9713 | D:8      | Danger: Low HP Warning |T2| Reason: 58% HP (39/67)
  9714 | D:8      | Danger: Low HP Warning |T2| Reason: 38% HP (26/67)
  9715 | D:8      | Danger: Low HP Warning |T2| Reason: 38% HP (26/67)
  9716 | D:8      | Danger: Low HP Warning |T2| Reason: 39% HP (27/68)
  9717 | D:8      | Danger: Low HP Warning |T2| Reason: 39% HP (27/68)
  9718 | D:8      | Danger: Low HP Warning |T2| Reason: 41% HP (28/68)
  9719 | D:8      | Danger: Low HP Warning |T2| Reason: 39% HP (27/68)
  9720 | D:8      | Danger: Low HP Warning |T2| Reason: 39% HP (27/68)
  9721 | D:8      | Danger: Low HP Warning |T2| Reason: 39% HP (27/68)
  9723 | D:8      | Danger: Low HP Warning |T2| Reason: 39% HP (27/68)
  9724 | D:8      | Danger: Low HP Warning |T2| Reason: 39% HP (27/68)
  9725 | D:8      | Danger: Low HP Warning |T2| Reason: 39% HP (27/68)
  9726 | D:8      | Danger: Low HP Warning |T2| Reason: 41% HP (28/68)
  9727 | D:8      | Danger: Low HP Warning |T2| Reason: 26% HP (18/68)
  9728 | D:8      | Danger: Low HP Warning |T3| Reason: 20% HP (14/68)
  9920 | D:9      | Reached **** piety under Okawaru
  9941 | D:9      | Reached skill level 5 in Fighting
  9946 | D:9      | Danger: Low HP Warning |T2| Reason: 59% HP (44/74)
  9948 | D:9      | Danger: Low HP Warning |T2| Reason: 55% HP (41/74)
  9949 | D:9      | Danger: Low HP Warning |T2| Reason: 56% HP (42/74)
  9950 | D:9      | Danger: Low HP Warning |T2| Reason: 56% HP (42/74)
  9951 | D:9      | Danger: Low HP Warning |T2| Reason: 56% HP (42/74)
  9952 | D:9      | Danger: Low HP Warning |T2| Reason: 58% HP (43/74)
  9953 | D:9      | Danger: Low HP Warning |T2| Reason: 58% HP (43/74)
  9954 | D:9      | Danger: Low HP Warning |T2| Reason: 58% HP (43/74)
  9955 | D:9      | Danger: Low HP Warning |T2| Reason: 51% HP (38/74)
  9956 | D:9      | Danger: Low HP Warning |T2| Reason: 47% HP (35/74)
  9957 | D:9      | Danger: Low HP Warning |T2| Reason: 47% HP (35/74)
  9958 | D:9      | Danger: Low HP Warning |T2| Reason: 47% HP (35/74)
  9959 | D:9      | Danger: Low HP Warning |T2| Reason: 39% HP (29/74)
  9960 | D:9      | Danger: Low HP Warning |T2| Reason: 29% HP (22/74)
  9961 | D:9      | Danger: Low HP Warning |T2| Reason: 29% HP (22/74)
  9962 | D:9      | Danger: Low HP Warning |T2| Reason: 29% HP (22/74)
  9964 | D:9      | Danger: Low HP Warning |T2| Reason: 31% HP (23/74)
  9966 | D:9      | Danger: Low HP Warning |T2| Reason: 32% HP (24/74)
  9967 | D:9      | Danger: Low HP Warning |T2| Reason: 32% HP (24/74)
  9968 | D:9      | Danger: Low HP Warning |T2| Reason: 32% HP (25/76)
  9969 | D:9      | Danger: Low HP Warning |T2| Reason: 32% HP (25/76)
  9971 | D:9      | Danger: Low HP Warning |T2| Reason: 34% HP (26/76)
  9973 | D:9      | Danger: Low HP Warning |T2| Reason: 34% HP (26/76)
  9975 | D:9      | Danger: Low HP Warning |T2| Reason: 34% HP (26/76)
  9977 | D:9      | Danger: Low HP Warning |T2| Reason: 34% HP (26/76)
  9979 | D:9      | Danger: Low HP Warning |T2| Reason: 35% HP (27/76)
 10169 | D:9      | Noticed a two-headed ogre
 10176 | D:9      | Killed a two-headed ogre
 10531 | D:5      | Killed Newt's ghost
 10660 | D:10     | Entered Level 10 of the Dungeon
 10679 | D:10     | Reached skill level 7 in Invocations
 10684 | D:10     | Reached ***** piety under Okawaru
 10684 | D:10     | Received a gift from Okawaru
 10686 | D:10     | Danger: Low HP Warning |T2| Reason: 59% HP (47/79)
 10991 | D:10     | Danger: Low HP Warning |T2| Reason: 46% HP (37/79)
 10992 | D:10     | Danger: Low HP Warning |T2| Reason: 48% HP (38/79)
 10993 | D:10     | Danger: Low HP Warning |T2| Reason: 48% HP (38/79)
 10994 | D:10     | Danger: Low HP Warning |T2| Reason: 48% HP (38/79)
 10995 | D:10     | Danger: Low HP Warning |T2| Reason: 49% HP (39/79)
 10998 | D:10     | Danger: Low HP Warning |T2| Reason: 50% HP (40/79)
 10999 | D:10     | Danger: Low HP Warning |T2| Reason: 50% HP (40/79)
 11000 | D:10     | Danger: Low HP Warning |T2| Reason: 50% HP (40/79)
 11001 | D:10     | Danger: Low HP Warning |T2| Reason: 50% HP (40/79)
 11002 | D:10     | Danger: Low HP Warning |T2| Reason: 51% HP (41/79)
 11004 | D:10     | Danger: Low HP Warning |T2| Reason: 51% HP (41/79)
 11194 | D:10     | Noticed Nergalle
 11195 | D:10     | Danger: Nergalle |T2| Reason: Unique monster, careful!
 11195 | D:10     | Danger: Nergalle |T2| Reason: Bolt of Draining deals more
                  | than 50% MHP!
 11198 | D:10     | Killed Nergalle
 11199 | D:10     | Reached XP level 11. HP: 70/84 MP: 16/16
 11236 | D:10     | Reached skill level 8 in Invocations
 11241 | D:10     | Danger: Low HP Warning |T2| Reason: 58% HP (49/84)
 11243 | D:10     | Danger: Low HP Warning |T2| Reason: 59% HP (50/84)
 11245 | D:10     | Danger: Low HP Warning |T2| Reason: 59% HP (50/84)
 11306 | D:10     | Noticed Psyche
 11375 | D:10     | Danger: Psyche |T2| Reason: Unique monster, careful!
 11385 | D:10     | Killed Psyche
 11416 | D:10     | Found a sacrificial altar of Ru.
 11827 | D:11     | Found a frozen archway.
 11840 | D:11     | Reached skill level 9 in Invocations
 11843 | D:11     | Danger: Low HP Warning |T2| Reason: 57% HP (48/84)
 11844 | D:11     | Danger: Low HP Warning |T2| Reason: 57% HP (48/84)
 11845 | D:11     | Danger: Low HP Warning |T2| Reason: 57% HP (48/84)
 11846 | D:11     | Danger: Low HP Warning |T2| Reason: 58% HP (49/84)
 11847 | D:11     | Danger: rime drake |T3| Reason: IMMINENT DEATH: Flash
                  | Freeze deals 39 damage, you have 36 HP!!
 11847 | D:11     | Danger: Low HP Warning |T2| Reason: 42% HP (36/84)
 11862 | IceCv    | Entered an ice cave
 12060 | IceCv    | Received a gift from Okawaru
 12137 | IceCv    | Danger: Low HP Warning |T2| Reason: 50% HP (42/84)
 12138 | IceCv    | Danger: Low HP Warning |T2| Reason: 51% HP (43/84)
 12139 | IceCv    | Danger: Low HP Warning |T2| Reason: 51% HP (43/84)
 12143 | IceCv    | Danger: Low HP Warning |T2| Reason: 40% HP (34/84)
 12144 | IceCv    | Danger: Low HP Warning |T2| Reason: 41% HP (35/84)
 12495 | IceCv    | Danger: Low HP Warning |T2| Reason: 52% HP (44/84)
 12496 | IceCv    | Danger: Low HP Warning |T2| Reason: 52% HP (44/84)
 12497 | IceCv    | Danger: Low HP Warning |T2| Reason: 53% HP (45/84)
 12498 | IceCv    | Danger: Low HP Warning |T2| Reason: 53% HP (45/84)
 12499 | IceCv    | Danger: Low HP Warning |T2| Reason: 53% HP (45/84)
 12501 | IceCv    | Danger: Low HP Warning |T2| Reason: 54% HP (46/84)
 12502 | IceCv    | Danger: Low HP Warning |T2| Reason: 54% HP (46/84)
 12503 | IceCv    | Danger: Low HP Warning |T2| Reason: 54% HP (46/84)
 12711 | IceCv    | Danger: ice statue |T2| Reason: Bolt of Cold deals more
                  | than 50% MHP!
 12711 | IceCv    | Danger: ice statue |T2| Reason: Throw Icicle deals more
                  | than 50% MHP!
 12719 | IceCv    | Danger: Low HP Warning |T2| Reason: 57% HP (48/84)
 12720 | IceCv    | Danger: ice statue |T3| Reason: IMMINENT DEATH: Bolt of
                  | Cold deals 48 damage, you have 47 HP!!
 12720 | IceCv    | Danger: ice statue |T3| Reason: IMMINENT DEATH: Throw
                  | Icicle deals 48 damage, you have 47 HP!!
 12720 | IceCv    | Danger: Low HP Warning |T2| Reason: 55% HP (47/84)
 12721 | IceCv    | Danger: ice statue |T3| Reason: IMMINENT DEATH: Bolt of
                  | Cold deals 48 damage, you have 42 HP!!
 12721 | IceCv    | Danger: ice statue |T3| Reason: IMMINENT DEATH: Throw
                  | Icicle deals 48 damage, you have 42 HP!!
 12721 | IceCv    | Danger: Low HP Warning |T2| Reason: 50% HP (42/84)
 12846 | IceCv    | Danger: ice statue |T2| Reason: Bolt of Cold deals more
                  | than 50% MHP!
 12846 | IceCv    | Danger: ice statue |T2| Reason: Throw Icicle deals more
                  | than 50% MHP!
 12989 | IceCv    | Noticed a bog body
 12990 | IceCv    | Danger: bog body |T2| Reason: Slow and low Will, careful
 12990 | IceCv    | Danger: bog body |T2| Reason: Bolt of Cold deals more than
                  | 50% MHP!
 12995 | IceCv    | Danger: bog body |T2| Reason: Slow and low Will, careful
 12995 | IceCv    | Danger: bog body |T2| Reason: Bolt of Cold deals more than
                  | 50% MHP!
 12996 | IceCv    | Reached skill level 10 in Invocations
 13014 | IceCv    | Killed a bog body
 13025 | IceCv    | Noticed a bog body
 13026 | IceCv    | Danger: bog body |T2| Reason: Slow and low Will, careful
 13026 | IceCv    | Danger: bog body |T2| Reason: Bolt of Cold deals more than
                  | 50% MHP!
 13032 | IceCv    | Danger: bog body |T2| Reason: Slow and low Will, careful
 13032 | IceCv    | Danger: bog body |T2| Reason: Bolt of Cold deals more than
                  | 50% MHP!
 13034 | IceCv    | Killed a bog body
 13442 | D:11     | Found a staircase to the Orcish Mines.
 13459 | D:11     | Danger: Low HP Warning |T2| Reason: 59% HP (50/84)
 13460 | D:11     | Danger: Low HP Warning |T2| Reason: 60% HP (51/84)
 13461 | D:11     | Danger: Low HP Warning |T2| Reason: 60% HP (51/84)
 13462 | D:11     | Danger: Low HP Warning |T2| Reason: 60% HP (51/84)
 13468 | D:10     | Danger: Low HP Warning |T2| Reason: 36% HP (31/84)
 13469 | D:10     | Danger: Low HP Warning |T2| Reason: 38% HP (32/84)
 13470 | D:10     | Reached skill level 11 in Invocations
 13799 | D:11     | Noticed a two-headed ogre
 13809 | D:11     | Danger: Low HP Warning |T2| Reason: 42% HP (36/84)
 13809 | D:11     | Killed a two-headed ogre
 14223 | D:11     | Found a staircase to the Lair.
 14418 | D:11     | Found an opulent altar of Gozag.
 14428 | D:11     | Danger: acid dragon |T2| Reason: Spit Acid deals more than
                  | 50% MHP!
 14445 | D:11     | Danger: Low HP Warning |T2| Reason: 54% HP (46/84)
 14446 | D:11     | Danger: Low HP Warning |T2| Reason: 55% HP (47/84)
 14817 | Lair:1   | Entered Level 1 of the Lair of Beasts
 14940 | Lair:1   | Reached XP level 12. HP: 59/91 MP: 20/20
 14967 | Lair:1   | Reached skill level 12 in Invocations
 15094 | Lair:1   | Danger: Low HP Warning |T2| Reason: 56% HP (51/91)
 15096 | Lair:1   | Danger: Low HP Warning |T2| Reason: 34% HP (31/91)
 15098 | Lair:1   | Danger: Low HP Warning |T3| Reason: 24% HP (22/91)
 15099 | Lair:1   | Danger: Low HP Warning |T3| Reason: 24% HP (22/91)
 15100 | Lair:1   | Danger: Low HP Warning |T3| Reason: 24% HP (22/91)
 15101 | Lair:1   | Danger: Low HP Warning |T3| Reason: 25% HP (23/91)
 15370 | Lair:1   | Identified the +0 ring mail "Vascho" {rN+ Will+ Dex+4}
 15823 | Lair:1   | Danger: Low HP Warning |T2| Reason: 60% HP (55/91)
 15824 | Lair:1   | Danger: Low HP Warning |T2| Reason: 45% HP (41/91)
 16481 | Lair:2   | Found a staircase to the Shoals.
 16482 | Lair:2   | Danger: manticore |T2| Reason: OOD monster, careful!
 16484 | Lair:2   | Danger: manticore |T2| Reason: OOD monster, careful!
 16490 | Lair:2   | Reached skill level 1 in Axes
 16604 | Lair:2   | Danger: basilisk |T3| Reason: Petrify and low Will
 16605 | Lair:2   | Danger: basilisk |T3| Reason: Petrify and low Will
 16606 | Lair:2   | Danger: basilisk |T3| Reason: Petrify and low Will
 16608 | Lair:2   | Danger: basilisk |T3| Reason: Petrify and low Will
 16610 | Lair:2   | Danger: basilisk |T3| Reason: Petrify and low Will
 16620 | Lair:2   | Danger: basilisk |T3| Reason: Petrify and low Will
 16621 | Lair:2   | Danger: basilisk |T3| Reason: Petrify and low Will
 16632 | Lair:2   | Danger: basilisk |T3| Reason: Petrify and low Will
 16633 | Lair:2   | Danger: basilisk |T3| Reason: Petrify and low Will
 16682 | Lair:2   | Danger: Low HP Warning |T2| Reason: 60% HP (55/91)
 16690 | Lair:2   | Danger: Low HP Warning |T2| Reason: 57% HP (52/91)
 16696 | Lair:2   | Danger: Low HP Warning |T2| Reason: 56% HP (51/91)
 16697 | Lair:2   | Danger: Low HP Warning |T2| Reason: 57% HP (52/91)
 16698 | Lair:2   | Danger: Low HP Warning |T2| Reason: 57% HP (52/91)
 16699 | Lair:2   | Danger: Low HP Warning |T2| Reason: 57% HP (52/91)
 16700 | Lair:2   | Danger: Low HP Warning |T2| Reason: 58% HP (53/91)
 16701 | Lair:2   | Danger: Low HP Warning |T2| Reason: 58% HP (53/91)
 16702 | Lair:2   | Danger: Low HP Warning |T2| Reason: 51% HP (47/91)
 16705 | Lair:2   | Danger: Low HP Warning |T2| Reason: 52% HP (48/91)
 16706 | Lair:2   | Danger: Low HP Warning |T2| Reason: 53% HP (49/91)
 16707 | Lair:2   | Danger: Low HP Warning |T2| Reason: 53% HP (49/91)
 16708 | Lair:2   | Danger: Low HP Warning |T2| Reason: 53% HP (49/91)
 16709 | Lair:2   | Danger: Low HP Warning |T2| Reason: 54% HP (50/91)
 16710 | Lair:2   | Danger: Low HP Warning |T2| Reason: 54% HP (50/91)
 16712 | Lair:2   | Danger: Low HP Warning |T2| Reason: 56% HP (51/91)
 16713 | Lair:2   | Danger: Low HP Warning |T2| Reason: 50% HP (46/91)
 16714 | Lair:2   | Danger: Low HP Warning |T2| Reason: 51% HP (47/91)
 16910 | Lair:2   | Noticed Gastronok
 16911 | Lair:2   | Danger: Gastronok |T2| Reason: Slow and low Will, careful
 16911 | Lair:2   | Danger: Gastronok |T2| Reason: Unique monster, careful!
 16927 | Lair:2   | Killed Gastronok
 16951 | Lair:2   | Identified the +2 long sword of Ergheat {freeze, Drain
                  | Int+2 Dex+4}
 17244 | Lair:2   | Received a gift from Okawaru
 17325 | Lair:2   | Danger: basilisk |T3| Reason: Petrify and low Will
 17326 | Lair:2   | Danger: basilisk |T3| Reason: Petrify and low Will
 17328 | Lair:2   | Danger: basilisk |T3| Reason: Petrify and low Will
 17330 | Lair:2   | Reached skill level 5 in Axes
 17339 | Lair:2   | Danger: Low HP Warning |T2| Reason: 53% HP (49/91)
 17340 | Lair:2   | Danger: Low HP Warning |T2| Reason: 54% HP (50/91)
 17341 | Lair:2   | Danger: Low HP Warning |T2| Reason: 54% HP (50/91)
 17342 | Lair:2   | Danger: Low HP Warning |T2| Reason: 56% HP (51/91)
 17343 | Lair:2   | Danger: Low HP Warning |T2| Reason: 56% HP (51/91)
 17344 | Lair:2   | Danger: Low HP Warning |T2| Reason: 56% HP (51/91)
 17345 | Lair:2   | Danger: Low HP Warning |T2| Reason: 57% HP (52/91)
 17345 | Lair:2   | Received a gift from Okawaru
 17358 | Lair:2   | Danger: Low HP Warning |T2| Reason: 56% HP (51/91)
 17544 | Lair:2   | Danger: lindwurm |T2| Reason: Fire Breath and not rF+,
                  | careful
 17544 | Lair:2   | Danger: lindwurm |T2| Reason: Fire Breath deals more than
                  | 50% MHP!
 17544 | Lair:2   | Danger: lindwurm |T2| Reason: Fire Breath and not rF+,
                  | careful
 17544 | Lair:2   | Danger: lindwurm |T2| Reason: Fire Breath deals more than
                  | 50% MHP!
 17546 | Lair:2   | Danger: lindwurm |T2| Reason: Fire Breath and not rF+,
                  | careful
 17546 | Lair:2   | Danger: lindwurm |T2| Reason: Fire Breath deals more than
                  | 50% MHP!
 17548 | Lair:2   | Danger: lindwurm |T2| Reason: Fire Breath and not rF+,
                  | careful
 17548 | Lair:2   | Danger: lindwurm |T2| Reason: Fire Breath deals more than
                  | 50% MHP!
 17554 | Lair:2   | Danger: lindwurm |T2| Reason: Fire Breath and not rF+,
                  | careful
 17554 | Lair:2   | Danger: lindwurm |T2| Reason: Fire Breath deals more than
                  | 50% MHP!
 17556 | Lair:2   | Danger: lindwurm |T3| Reason: IMMINENT DEATH: Fire Breath
                  | deals 54 damage, you have 24 HP!!
 17556 | Lair:2   | Danger: Low HP Warning |T2| Reason: 26% HP (24/91)
 17557 | Lair:2   | Danger: lindwurm |T3| Reason: IMMINENT DEATH: Fire Breath
                  | deals 54 damage, you have 24 HP!!
 17557 | Lair:2   | Danger: Low HP Warning |T2| Reason: 26% HP (24/91)
 17558 | Lair:2   | Danger: lindwurm |T3| Reason: IMMINENT DEATH: Fire Breath
                  | deals 54 damage, you have 24 HP!!
 17558 | Lair:2   | Danger: Low HP Warning |T2| Reason: 26% HP (24/91)
 17559 | Lair:2   | Danger: lindwurm |T3| Reason: IMMINENT DEATH: Fire Breath
                  | deals 54 damage, you have 24 HP!!
 17559 | Lair:2   | Danger: Low HP Warning |T2| Reason: 26% HP (24/91)
 17560 | Lair:2   | Danger: lindwurm |T3| Reason: IMMINENT DEATH: Fire Breath
                  | deals 54 damage, you have 25 HP!!
 17560 | Lair:2   | Danger: Low HP Warning |T2| Reason: 27% HP (25/91)
 17561 | Lair:2   | Danger: lindwurm |T3| Reason: IMMINENT DEATH: Fire Breath
                  | deals 54 damage, you have 25 HP!!
 17561 | Lair:2   | Danger: Low HP Warning |T2| Reason: 27% HP (25/91)
 17562 | Lair:2   | Danger: lindwurm |T3| Reason: IMMINENT DEATH: Fire Breath
                  | deals 54 damage, you have 25 HP!!
 17562 | Lair:2   | Danger: Low HP Warning |T2| Reason: 27% HP (25/91)
 17563 | Lair:2   | Danger: lindwurm |T3| Reason: IMMINENT DEATH: Fire Breath
                  | deals 54 damage, you have 25 HP!!
 17563 | Lair:2   | Danger: Low HP Warning |T2| Reason: 27% HP (25/91)
 17565 | Lair:2   | Danger: lindwurm |T2| Reason: Fire Breath and not rF+,
                  | careful
 17565 | Lair:2   | Danger: lindwurm |T2| Reason: Fire Breath deals more than
                  | 50% MHP!
 17565 | Lair:2   | Danger: lindwurm |T3| Reason: IMMINENT DEATH: Fire Breath
                  | deals 54 damage, you have 26 HP!!
 17565 | Lair:2   | Danger: Low HP Warning |T2| Reason: 28% HP (26/91)
 17565 | Lair:2   | HP: 1/91 [lindwurm/blast of flame (25)]
 17566 | Lair:2   | Danger: lindwurm |T3| Reason: IMMINENT DEATH: Fire Breath
                  | deals 54 damage, you have 1 HP!!
 17566 | Lair:2   | Danger: Low HP Warning |T3| Reason: 1% HP (1/91)
 17567 | Lair:2   | Danger: lindwurm |T3| Reason: IMMINENT DEATH: Fire Breath
                  | deals 54 damage, you have 1 HP!!
 17567 | Lair:2   | Danger: Low HP Warning |T3| Reason: 1% HP (1/91)
 17568 | Lair:2   | Danger: lindwurm |T3| Reason: IMMINENT DEATH: Fire Breath
                  | deals 54 damage, you have 2 HP!!
 17568 | Lair:2   | Danger: Low HP Warning |T3| Reason: 2% HP (2/91)
 17869 | Lair:2   | Danger: lindwurm |T2| Reason: Fire Breath and not rF+,
                  | careful
 17869 | Lair:2   | Danger: lindwurm |T2| Reason: Fire Breath deals more than
                  | 50% MHP!
 17873 | Lair:2   | Danger: lindwurm |T2| Reason: Fire Breath and not rF+,
                  | careful
 17873 | Lair:2   | Danger: lindwurm |T2| Reason: Fire Breath deals more than
                  | 50% MHP!
 17887 | Lair:2   | Identified the ring "Aneriew" {Wiz Str+6}
 18426 | Lair:3   | Found a staircase to the Snake Pit.
 18428 | Lair:3   | Danger: guardian serpent |T2| Reason: Slow and low Will,
                  | careful
 18612 | Lair:3   | Danger: basilisk |T3| Reason: Petrify and low Will
 18613 | Lair:3   | Danger: basilisk |T3| Reason: Petrify and low Will
 18614 | Lair:3   | Danger: basilisk |T3| Reason: Petrify and low Will
 18615 | Lair:3   | Danger: basilisk |T3| Reason: Petrify and low Will
 18624 | Lair:3   | Danger: basilisk |T3| Reason: Petrify and low Will
 18625 | Lair:3   | Danger: basilisk |T3| Reason: Petrify and low Will
 18959 | Lair:4   | Danger: Low HP Warning |T2| Reason: 60% HP (55/91)
 18960 | Lair:4   | Danger: Low HP Warning |T2| Reason: 60% HP (55/91)
 18966 | Lair:4   | Danger: Low HP Warning |T2| Reason: 57% HP (52/91)
 18967 | Lair:4   | Danger: Low HP Warning |T2| Reason: 57% HP (52/91)
 18968 | Lair:4   | Danger: Low HP Warning |T2| Reason: 57% HP (52/91)
 18969 | Lair:4   | Danger: Low HP Warning |T2| Reason: 58% HP (53/91)
 18971 | Lair:4   | Danger: Low HP Warning |T2| Reason: 58% HP (53/91)
 19069 | Lair:4   | Received a gift from Okawaru
 19073 | Lair:4   | Danger: Low HP Warning |T2| Reason: 57% HP (52/91)
 19074 | Lair:4   | Danger: Low HP Warning |T2| Reason: 57% HP (52/91)
 19075 | Lair:4   | Danger: Low HP Warning |T2| Reason: 48% HP (44/91)
 19076 | Lair:4   | Danger: Low HP Warning |T2| Reason: 49% HP (45/91)
 19289 | Lair:4   | Received a gift from Okawaru
 19504 | Lair:4   | Gained mutation: You are strongly in touch with the powers
                  | of death. [Mummy growth]
 19504 | Lair:4   | Reached XP level 13. HP: 72/96 MP: 22/22
 19870 | Lair:4   | Danger: Low HP Warning |T2| Reason: 40% HP (39/96)
 19872 | Lair:4   | Danger: Low HP Warning |T2| Reason: 35% HP (34/96)
 19873 | Lair:4   | Danger: Low HP Warning |T2| Reason: 35% HP (34/96)
 19874 | Lair:4   | Danger: Low HP Warning |T2| Reason: 36% HP (35/96)
 19875 | Lair:4   | Danger: Low HP Warning |T3| Reason: 23% HP (23/96)
 19876 | Lair:4   | Danger: Low HP Warning |T3| Reason: 25% HP (24/96)
 19877 | Lair:4   | Danger: Low HP Warning |T3| Reason: 25% HP (24/96)
 19878 | Lair:4   | Danger: Low HP Warning |T3| Reason: 25% HP (24/96)
 19879 | Lair:4   | Danger: Low HP Warning |T3| Reason: 18% HP (18/96)
 19880 | Lair:4   | Danger: Low HP Warning |T3| Reason: 8% HP (8/96)
 20383 | Lair:4   | Danger: electric eel |T2| Reason: Electrical Bolt and no
                  | rElec
 20566 | Lair:5   | Entered Level 5 of the Lair of Beasts
 20712 | Lair:5   | Danger: Low HP Warning |T2| Reason: 53% HP (51/96)
 20713 | Lair:5   | Danger: Low HP Warning |T2| Reason: 54% HP (52/96)
 20725 | Lair:5   | Danger: Low HP Warning |T2| Reason: 58% HP (56/96)
 20726 | Lair:5   | Danger: Low HP Warning |T2| Reason: 58% HP (56/96)
 20727 | Lair:5   | Danger: Low HP Warning |T2| Reason: 58% HP (56/96)
 20731 | Lair:5   | Danger: Low HP Warning |T2| Reason: 60% HP (58/96)
 20732 | Lair:5   | Danger: Low HP Warning |T2| Reason: 60% HP (58/96)
 20733 | Lair:5   | Danger: Low HP Warning |T2| Reason: 60% HP (58/96)
 20742 | Lair:5   | Danger: Low HP Warning |T2| Reason: 57% HP (55/96)
 20743 | Lair:5   | Danger: Low HP Warning |T2| Reason: 41% HP (40/96)
 20744 | Lair:5   | Danger: Low HP Warning |T2| Reason: 41% HP (40/96)
 20745 | Lair:5   | Danger: Low HP Warning |T2| Reason: 41% HP (40/96)
 20746 | Lair:5   | Danger: Low HP Warning |T2| Reason: 36% HP (35/96)
 20747 | Lair:5   | Danger: Low HP Warning |T2| Reason: 28% HP (27/96)
 20748 | Lair:5   | Danger: Low HP Warning |T2| Reason: 28% HP (27/96)
 20749 | Lair:5   | Danger: Low HP Warning |T3| Reason: 19% HP (19/96)
 20750 | Lair:5   | Danger: Low HP Warning |T3| Reason: 19% HP (19/96)
 20750 | Lair:5   | HP: 2/96 [komodo dragon (17)]
 20751 | Lair:5   | Danger: Low HP Warning |T3| Reason: 2% HP (2/96)
 20751 | Lair:5   | Demolished by a komodo dragon

Illustrated notes

Levels and vault maps discovered:
D:1:      heliophobic_arrival_glass_houses, layout_basic, serial_glass,
          glass_columns_a, glass_columns_a, chequers_ecumenical_altar_twisty,
          minmay_strange_pillars, minmay_pentomino_z2
D:2:      layout_basic, serial_forest, infiniplex_forest_lined_corner,
          infiniplex_forest_corner_1, infiniplex_forest_side_room,
          infiniplex_forest_straight_4, infiniplex_forest_clump_small,
          infiniplex_forest_clump_medium, infiniplex_forest_lined_ring,
          infiniplex_forest_lined_3, basic_altar, uniq_robin
D:3:      layout_basic, serial_bayou_ford_a
D:4:      layout_basic, okawaru_trees_2, gammafunk_ghost_split
D:5:      layout_loops_ring, overflow_temple_1_default, lemuel_tele_altar,
          gammafunk_ghost_smash, serial_bayou_lagoon_b
D:6:      layout_gridville, eat_drink_and_be_merry_uskayaw,
          minmay_overflow_temple_star_quad, minmay_temple_entry_nine_rooms
D:7:      wander_river, layout_basic, mainiacjoe_overflow_alcove_4,
          mainiacjoe_overflow_alcove_1, nicolae_wu_jian_wuxing_cycle,
          grunt_ashenzari_visionary [grunt_ashenzari_visionary_shoals,
          grunt_ashenzari_visionary_snake], amcnicky_mini_corridor_feature
D:8:      layout_rooms, nicolae_hepliaklqana_monster_ancestors, uniq_grum
D:9:      layout_rooms, uniq_harold
D:10:     layout_roguey, mainiacjoe_overflow_concentric_impassable, uniq_psyche,
          uniq_nergalle
D:11:     layout_long_grid, lair_entry_dummy, zombieorc2_lemuel,
          portal_ice_cave_rime, nicolae_gozag_seed_capital
Lair:1:   layout_small_grid, serial_bayou_shore_b, grunt_megastairs_3
Lair:2:   layout_gridlike, minmay_shoals_entry_beasts, minmay_lindwurm_lava,
          uniq_gastronok
Lair:3:   layout_gridlike, minmay_snake_entry_spellcaster,
          infiniplex_staircase_pool_2, grunt_megastairs_2
Lair:4:   layout_regular_city, grunt_megastairs_5, lemuel_fruit_tree,
          serial_bayou_shore_a, infiniplex_staircase_pool
Lair:5:   gammafunk_lair_ancient_temple, layout_big_grid,
          minmay_slime_entry_pillars

Skill      XL: |  1  2  3  4  5  6  7  8  9 10 11 12 13 |
---------------+----------------------------------------+-----
Ranged Weapons | 2 |  2.1
Short Blades   | 1 |  1.7
Unarmed Combat | 1 2 4 5 6 7 |  7.0
Fighting       | 2 7 |  7.0
Invocations    | 1 2 6 7 11 12 | 12.0
Throwing       | 5 |  5.0
Armour         | 2 5 |  5.9
Evocations     | 2 3 |  3.0
Axes           | 8 9 |  9.5
Dodging        | |  1.5
Spellcasting   | |  1.3
Hexes          | |  2.6

Action                     |  1- 3 |  4- 6 |  7- 9 | 10-12 | 13-15 || total
---------------------------+-------+-------+-------+-------+-------++-------
  Melee: Dagger            |    33 |    27 |       |       |       ||    60
         Long sword        |    24 |       |       |       |       ||    24
         Punch             |     1 |     4 |    22 |    57 |     6 ||    90
         Quarterstaff      |    43 |   138 |       |       |       ||   181
         Unarmed           |       |    39 |   406 |   676 |       ||  1121
         Broad axe         |       |       |       |   197 |    71 ||   268
   Fire: Sling             |    64 |       |       |       |       ||    64
  Throw: Dart              |     5 |    11 |     5 |     3 |     2 ||    26
         Stone             |       |     8 |     6 |       |       ||    14
         Boomerang         |       |       |    47 |    66 |    17 ||   130
         Throwing net      |       |       |       |     5 |       ||     5
         Javelin           |       |       |       |     1 |       ||     1
 Invoke: Heroism           |       |       |    13 |    27 |     2 ||    42
         Finesse           |       |       |       |     4 |       ||     4
  Evoke: Wand              |       |       |     8 |     6 |       ||    14
    Use: Scroll            |     3 |     8 |     3 |    16 |     2 ||    32
   Stab: Held in net/web   |       |       |       |     1 |       ||     1
 Armour: Robe              |    11 |       |       |       |       ||    11
         Plate armour      |   107 |   185 |   339 |   668 |    60 ||  1359
  Dodge: Dodged            |    42 |    54 |   146 |   343 |    45 ||   630

Table legend: (Time is in decaauts)
 A = Elapsed time spent in this place.
 B = Non-inter-level travel time spent in this place.
 C = Inter-level travel time spent in this place.
 D = Time resting spent in this place.
 E = Time spent auto-exploring this place.
 F = Levels seen in this place.
 G = Mean time per level.
                   A        B        C        D        E       F      G
               +--------+--------+--------+--------+--------+-----+--------+
         Total |  20654 |  19505 |   1149 |   2175 |  12922 |  17 | 1214.9 |
       Dungeon |  13262 |  12244 |   1018 |   1409 |   7892 |  11 | 1205.6 |
          Lair |   5949 |   5819 |    130 |    408 |   4334 |   5 | 1189.8 |
      Ice Cave |   1443 |   1443 |      0 |    358 |    696 |   1 | 1443.0 |
               +--------+--------+--------+--------+--------+-----+--------+

Top non-repeatable levels by time:
     D:4: 2152 daAuts
  Lair:2: 1710 daAuts
  Lair:4: 1655 daAuts
  Lair:1: 1620 daAuts
   IceCv: 1443 daAuts
     D:8: 1388 daAuts
    D:11: 1351 daAuts
     D:5: 1350 daAuts
    D:10: 1239 daAuts
     D:7: 1184 daAuts
     D:3: 1087 daAuts
     D:1: 1045 daAuts
     D:2: 907 daAuts
     D:6: 801 daAuts
  Lair:3: 786 daAuts
